Checkers vs Little Stars
Created - December 14, 2024 at 10:07
Goals
|
Checkers |
2 |
2 |
0 |
4 |
Little Stars |
2 |
0 |
4 |
6 |
|
Shots
|
Checkers |
6 |
10 |
10 |
26 |
Little Stars |
12 |
9 |
16 |
37 |
|
1st period
1. Little Stars , Jason Dickinson 7 (Emile Poirier 11, Matt Luff 10) at 7:35
2. Checkers , Brett Pollock 2 (Shane Bowers 4, Michael Anderson 7) at 11:18
3. Little Stars , Matt Luff 8 (Emile Poirier 12, Tucker Poolman 5) at 17:47
4. Checkers , Nick Abruzzese 4 (Austin Poganski 5) at 18:47
Penalties :
Shane Bowers (Cha) for Hooking (Minor) at 3:43
2nd period
5. Checkers , Dylan Gambrell 8 (Andrei Svechnikov 22) at 4:26 (PP)
6. Checkers , Mitchell Heard 6 (Michael Anderson 8, Roberts Lipsbergs 7) at 15:16
Penalties :
Daniel O'regan (Tex) for Slashing (Minor) at 4:07, Austin Poganski (Cha) for Roughing (Minor) at 5:38, Lawrence Pilut (Tex) for High sticking (Minor) at 17:28
3rd period
7. Little Stars , Daniel O'regan 11 (Ville Pokka 7, Shane Gersich 16) at 0:39 (SH)
8. Little Stars , Filip Chytil 9 (Samuel Girard 17, Connor Mackey 4) at 2:37
9. Little Stars , Shane Gersich 16 (Daniel O'regan 19, Reece Willcox 4) at 4:07
10. Little Stars , Cal Burke 4 (Radel Fazleev 3, Samuel Girard 18) at 8:34
Penalties :
Reece Willcox (Tex) for Holding (Minor) at 0:22, Andrei Svechnikov (Cha) for Holding (Minor) at 14:51, Matt Luff (Tex) for Tripping (Minor) at 15:45
Goalie Stats
Ivan Prosvetov (Cha), 31 saves from 37 shots - (0.838), L, 2-2-1, 60:00 minutes
Danil Tarasov (Tex), 10 saves from 10 shots - (1.000), W, 5-10-1, 24:44 minutes
Ilya Konovalov (Tex), 12 saves from 16 shots - (0.750), 35:16 minutes
Players Stats for Checkers
Player Name G A P +/- PIM S H SB GA TA FO MP PP MP PK MP
------------------------------------------------------------------------------------
Andrei Svechnikov 0 1 1 -2 2 0 0 2 2 0 0/3 18:19 3:08 0:00
Austin Poganski 0 1 1 -1 2 1 0 0 0 1 0/1 14:39 0:00 0:37
Brett Pollock 1 0 1 -1 0 1 1 0 0 0 0/1 10:04 0:00 1:28
Dylan Gambrell 1 0 1 -2 0 2 2 0 0 0 10/23 20:59 2:56 2:17
Grigori Denisenko 0 0 0 -1 0 1 3 0 0 0 0/0 15:09 2:03 0:00
Jared McIsaac 0 0 0 -1 0 5 1 3 1 0 0/0 20:35 2:18 3:06
Jordan Harris 0 0 0 1 0 0 0 0 0 0 0/0 12:16 0:00 0:00
Kale Clague 0 0 0 -3 0 0 3 2 1 1 0/0 26:26 2:52 1:43
Kirill Marchenko 0 0 0 1 0 0 1 0 0 0 1/1 14:06 2:15 0:00
Michael Anderson 0 2 2 0 0 2 0 0 0 0 0/0 16:04 2:19 0:03
Mitchell Heard 1 0 1 1 0 3 0 0 3 0 3/6 14:23 0:00 1:56
Nick Abruzzese 1 0 1 -1 0 4 2 0 3 0 5/11 16:55 2:03 0:39
Patrick Brown 0 0 0 -2 0 2 6 0 0 0 1/4 20:36 3:07 2:34
Roberts Lipsbergs 0 1 1 1 0 2 0 0 0 0 0/0 12:05 0:01 0:13
Shane Bowers 0 1 1 -1 2 0 1 1 1 0 3/4 8:42 0:00 0:00
Timothy Liljegren 0 0 0 -3 0 2 2 1 1 0 0/0 26:38 2:52 2:18
Tyce Thompson 0 0 0 -1 0 1 0 0 0 0 0/0 8:03 0:00 0:00
Viktor Baldayev 0 0 0 0 0 0 3 2 0 1 0/0 18:01 0:01 2:34
Players Stats for Little Stars
Player Name G A P +/- PIM S H SB GA TA FO MP PP MP PK MP
------------------------------------------------------------------------------------
Aidan Mcdonough 0 0 0 0 0 0 1 0 0 0 0/0 8:26 0:00 0:00
Cal Burke 1 0 1 0 0 2 1 0 0 1 0/0 8:26 0:00 0:00
Connor Mackey 0 1 1 -1 0 1 1 1 0 0 0/0 12:36 0:00 0:47
Daniel O'regan 1 1 2 2 2 6 1 1 0 0 16/27 21:48 1:58 2:23
Emile Poirier 0 2 2 2 0 2 1 0 2 1 0/0 17:31 2:47 2:16
Filip Chytil 1 0 1 0 0 2 0 0 0 1 0/4 12:45 0:07 1:26
Ilya Mikheyev 0 0 0 1 0 2 0 0 0 0 2/2 18:40 1:58 0:00
Jason Dickinson 1 0 1 1 0 3 1 0 0 0 8/12 16:59 2:47 1:35
Jonathan Dahlen 0 0 0 -1 0 2 1 3 0 0 0/0 11:05 0:07 0:02
Justin Auger 0 0 0 -1 0 0 0 0 0 1 0/0 11:55 0:07 0:04
Lawrence Pilut 0 0 0 -2 2 0 1 1 0 3 0/0 11:47 0:00 0:10
Matt Luff 1 1 2 1 2 2 2 0 0 0 0/0 15:18 2:46 0:00
Radel Fazleev 0 1 1 0 0 2 1 0 0 0 2/6 8:26 0:00 0:00
Reece Willcox 0 1 1 3 2 2 0 0 0 1 0/0 26:14 2:25 1:49
Samuel Girard 0 2 2 4 0 2 0 1 0 4 0/0 27:42 2:25 3:16
Shane Gersich 1 1 2 2 0 9 0 2 1 0 3/3 22:02 1:58 2:36
Tucker Poolman 0 1 1 1 0 0 1 1 0 0 0/0 20:35 2:27 1:45
Ville Pokka 0 1 1 2 0 0 2 0 0 0 0/0 21:25 2:27 2:35
3 Stars
1 - Shane Gersich (Tex)
2 - Samuel Girard (Tex)
3 - Daniel O'regan (Tex)
Power Play
Checkers - 1 on 4 Attempt(s) - 25.00%
Little Stars - 0 on 3 Attempt(s) - 0.00%
Penalty Kill
Checkers - 3 on 3 Attempt(s) - 100.00%
- Score 0 goal in Penalty Kill
Little Stars - 3 on 4 Attempt(s) - 75.00%
- Score 1 goal in Penalty Kill
Team Stat
Checkers - Hits : 25 - Faceoff Wins : 23 - Blocked Shots : 11 - Penalty Minutes : 6
Little Stars - Hits : 14 - Faceoff Wins : 31 - Blocked Shots : 10 - Penalty Minutes : 8
Official
Referees : Kelly Sutherland and Conor O'Donnell
Linesman : Steve Barton and Libor Suchanek
Game Notes
Danil Tarasov enters game at 15:16 of 2nd period
Finance
Level 1 -- Attendance: 1823 (91.15%) -- Ticket Income $127,610
Level 2 -- Attendance: 948 (94.80%) -- Ticket Income $37,920
Total Attendance: 2771 (92.37%)
Total Ticket Income: $165,530
Other Income: $8,276
Total Income: $173,806
Checkers
5 vs 5 Forward
Center Left Wing Right Wing Time % Phy DF OF
1 Dylan Gambrell Andrei Svechnikov Patrick Brown 40 0 2 3
2 Nick Abruzzese Grigori Denisenko Austin Poganski 30 0 2 3
3 Mitchell Heard Roberts Lipsbergs Kirill Marchenko 20 0 2 3
4 Shane Bowers Brett Pollock Tyce Thompson 10 0 2 3
5 vs 5 Defense
Defense Defense Time % Phy DF OF
1 Timothy Liljegren Kale Clague 40 0 2 3
2 Jared McIsaac Viktor Baldayev 30 0 2 3
3 Michael Anderson Jordan Harris 20 0 2 3
4 Timothy Liljegren Kale Clague 10 0 2 3
PowerPlay Forward
Center Left Wing Right Wing Time % Phy DF OF
1 Dylan Gambrell Andrei Svechnikov Patrick Brown 60 0 1 4
2 Nick Abruzzese Grigori Denisenko Kirill Marchenko 40 0 1 4
PowerPlay Defense
Defense Defense Time % Phy DF OF
1 Timothy Liljegren Kale Clague 60 0 2 3
2 Jared McIsaac Michael Anderson 40 0 2 3
Penalty Kill 4 Players Forward
Center Wing Time % Phy DF OF
1 Mitchell Heard Patrick Brown 60 0 3 2
2 Dylan Gambrell Austin Poganski 40 0 3 2
Penalty Kill 4 Players Defense
Defense Defense Time % Phy DF OF
1 Timothy Liljegren Jared McIsaac 60 0 4 1
2 Kale Clague Viktor Baldayev 40 0 4 1
Penalty Kill - 3 Players Forward
Forward Time % Phy DF OF
1 Patrick Brown 60 0 3 2
2 Mitchell Heard 40 0 3 2
Penalty Kill - 3 Players Defense
Defense Defense Time % Phy DF OF
1 Timothy Liljegren Jared McIsaac 60 0 4 1
2 Kale Clague Viktor Baldayev 40 0 4 1
4 vs 4 Forward
Center Wing Time % Phy DF OF
1 Dylan Gambrell Andrei Svechnikov 60 0 2 3
2 Nick Abruzzese Patrick Brown 40 0 2 3
4 vs 4 Defense
Defense Defense Time % Phy DF OF
1 Timothy Liljegren Kale Clague 60 0 2 3
2 Michael Anderson Viktor Baldayev 40 0 2 3
Last Minutes Offensive
Center Left Wing Right Wing Defense Defense
Dylan Gambrell Andrei Svechnikov Patrick Brown Timothy Liljegren Kale Clague
Last Minutes Defensive
Center Left Wing Right Wing Defense Defense
Mitchell Heard Roberts Lipsbergs Patrick Brown Kale Clague Viktor Baldayev
Goaltenders
Starting : Ivan Prosvetov
Backup : Joseph Woll
Extra Forwards
Normal : Nick Abruzzese, Andrei Svechnikov, Dylan Gambrell - PP : Kirill Marchenko, Andrei Svechnikov - PK : Patrick Brown
Extra Defensemen
Normal : Jared McIsaac, Timothy Liljegren, Kale Clague - PP : Michael Anderson - PK : Viktor Baldayev, Jared McIsaac
Penalty Shots
Andrei Svechnikov, Patrick Brown, Roberts Lipsbergs, Nick Abruzzese, Shane Bowers
Custom OT Lines Forwards
Dylan Gambrell, Andrei Svechnikov, Patrick Brown, Grigori Denisenko, Kirill Marchenko, Nick Abruzzese, Mitchell Heard, Brett Pollock, Roberts Lipsbergs, Shane Bowers
Custom OT Lines Defensemen
Timothy Liljegren, Kale Clague, Jared McIsaac, Viktor Baldayev, Michael Anderson
Scratches
John Draeger (Left Knee Injury), Mikhail Abramov (Healthy), Mattias Norlinder (Healthy), Nathan Legare (Healthy), Kirill Ustimenko (Healthy)
Little Stars
5 vs 5 Forward
Center Left Wing Right Wing Time % Phy DF OF
1 Daniel O'regan Shane Gersich Ilya Mikheyev 40 1 2 2
2 Jason Dickinson Emile Poirier Matt Luff 30 1 2 2
3 Filip Chytil Jonathan Dahlen Justin Auger 20 1 2 2
4 Radel Fazleev Aidan Mcdonough Cal Burke 10 1 2 2
5 vs 5 Defense
Defense Defense Time % Phy DF OF
1 Reece Willcox Samuel Girard 40 1 2 2
2 Tucker Poolman Ville Pokka 30 1 2 2
3 Connor Mackey Lawrence Pilut 20 1 2 2
4 Reece Willcox Samuel Girard 10 1 2 2
PowerPlay Forward
Center Left Wing Right Wing Time % Phy DF OF
1 Daniel O'regan Shane Gersich Ilya Mikheyev 60 0 2 3
2 Jason Dickinson Emile Poirier Matt Luff 40 0 2 3
PowerPlay Defense
Defense Defense Time % Phy DF OF
1 Reece Willcox Samuel Girard 60 1 2 2
2 Tucker Poolman Ville Pokka 40 1 2 2
Penalty Kill 4 Players Forward
Center Wing Time % Phy DF OF
1 Daniel O'regan Shane Gersich 60 1 2 2
2 Jason Dickinson Emile Poirier 40 1 2 2
Penalty Kill 4 Players Defense
Defense Defense Time % Phy DF OF
1 Reece Willcox Samuel Girard 60 0 3 2
2 Tucker Poolman Ville Pokka 40 0 3 2
Penalty Kill - 3 Players Forward
Forward Time % Phy DF OF
1 Daniel O'regan 60 1 2 2
2 Jason Dickinson 40 1 2 2
Penalty Kill - 3 Players Defense
Defense Defense Time % Phy DF OF
1 Reece Willcox Samuel Girard 60 0 3 2
2 Tucker Poolman Ville Pokka 40 0 3 2
4 vs 4 Forward
Center Wing Time % Phy DF OF
1 Daniel O'regan Shane Gersich 60 0 2 3
2 Jason Dickinson Emile Poirier 40 0 2 3
4 vs 4 Defense
Defense Defense Time % Phy DF OF
1 Reece Willcox Samuel Girard 60 1 2 2
2 Tucker Poolman Ville Pokka 40 1 2 2
Last Minutes Offensive
Center Left Wing Right Wing Defense Defense
Daniel O'regan Shane Gersich Ilya Mikheyev Reece Willcox Samuel Girard
Last Minutes Defensive
Center Left Wing Right Wing Defense Defense
Daniel O'regan Shane Gersich Ilya Mikheyev Reece Willcox Samuel Girard
Goaltenders
Starting : Ilya Konovalov
Backup : Danil Tarasov
Extra Forwards
Normal : Jason Dickinson, Emile Poirier, Justin Auger - PP : Jason Dickinson, Emile Poirier - PK : Jason Dickinson
Extra Defensemen
Normal : Ville Pokka, Connor Mackey, Lawrence Pilut - PP : Ville Pokka - PK : Ville Pokka, Connor Mackey
Penalty Shots
Ilya Mikheyev, Daniel O'regan, Matt Luff, Shane Gersich, Jason Dickinson
Custom OT Lines Forwards
Ilya Mikheyev, Daniel O'regan, Matt Luff, Shane Gersich, Jason Dickinson, Emile Poirier, Justin Auger, Filip Chytil, Radel Fazleev, Jonathan Dahlen
Custom OT Lines Defensemen
Reece Willcox, Samuel Girard, Tucker Poolman, Ville Pokka, Connor Mackey
Scratches
Jack McBain (Healthy), Jean-Christophe Beaudin (Healthy), Rudolfs Balcers (Healthy), Yakov Trenin (Healthy), Joey Anderson (Healthy)
Givani Smith (Healthy), Blade Jenkins (Healthy), Bulat Shafigullin (Healthy), Victor Soderstrom (Healthy), Rhett Pitlick (Healthy)
Michael Giugovaz (Healthy)
% Time on Ice - Checkers
Lines # - Real PCT - Wanted PCT - Time Play
Normal Forward
1 - 31% - 40% - 15:16
2 - 28% - 30% - 13:46
3 - 24% - 20% - 11:47
4 - 16% - 10% - 8:03
Normal Defense
1 - 38% - 40% - 18:36
2 - 32% - 30% - 15:34
3 - 25% - 20% - 12:16
4 - 5% - 10% - 2:26
PP Forward
1 - 60% - 60% - 3:08
2 - 40% - 40% - 2:03
PP Defense
1 - 55% - 60% - 2:52
2 - 45% - 40% - 2:19
PK Forward
1 - 78% - 60% - 3:48
2 - 22% - 40% - 1:04
PK Defense
1 - 65% - 60% - 3:09
2 - 35% - 40% - 1:43
PK3 Forward
1 - 0% - 60%
2 - 0% - 40%
PK3 Defense
1 - 0% - 60%
2 - 0% - 40%
44 Forward
1 - 100% - 60% - 1:05
2 - 0% - 40% - 0:00
44 Defense
1 - 40% - 60% - 0:26
2 - 60% - 40% - 0:39
Last Minute Offensive - 0:00
Last Minute Defensive - 0:00
Total
Forward - 60:00
Defense - 60:00
|
% Time on Ice - Little Stars
Lines # - Real PCT - Wanted PCT - Time Play
Normal Forward
1 - 36% - 40% - 17:28
2 - 25% - 30% - 12:27
3 - 22% - 20% - 10:31
4 - 17% - 10% - 8:26
Normal Defense
1 - 40% - 40% - 19:23
2 - 33% - 30% - 15:59
3 - 24% - 20% - 11:33
4 - 4% - 10% - 1:57
PP Forward
1 - 43% - 60% - 2:05
2 - 57% - 40% - 2:47
PP Defense
1 - 50% - 60% - 2:25
2 - 50% - 40% - 2:27
PK Forward
1 - 84% - 60% - 4:21
2 - 16% - 40% - 0:50
PK Defense
1 - 66% - 60% - 3:26
2 - 34% - 40% - 1:45
PK3 Forward
1 - 0% - 60%
2 - 0% - 40%
PK3 Defense
1 - 0% - 60%
2 - 0% - 40%
44 Forward
1 - 100% - 60% - 1:05
2 - 0% - 40% - 0:00
44 Defense
1 - 63% - 60% - 0:41
2 - 37% - 40% - 0:24
Last Minute Offensive - 0:00
Last Minute Defensive - 0:00
Total
Forward - 60:00
Defense - 60:00
|
Play-by-Play
1st period
0:01 of 1st period - Daniel O'regan wins face-off versus Dylan Gambrell in neutral zone.
1:27 of 1st period - Snap shot by Shane Gersich.
1:27 of 1st period - Shot Blocked by Viktor Baldayev.
1:39 of 1st period - Icing by Ilya Mikheyev.
1:40 of 1st period - Nick Abruzzese wins face-off versus Daniel O'regan in Little Stars zone.
1:41 of 1st period - Snap shot by Grigori Denisenko.
1:41 of 1st period - Stopped by Ilya Konovalov without a rebound.
1:42 of 1st period - Nick Abruzzese wins face-off versus Jason Dickinson in Little Stars zone.
1:55 of 1st period - Wrist shot by Matt Luff.
1:55 of 1st period - Shot Misses the Net.
1:57 of 1st period - Snap shot by Jason Dickinson.
1:57 of 1st period - Stopped by Ivan Prosvetov with a rebound.
2:25 of 1st period - Icing by Michael Anderson.
2:26 of 1st period - Kirill Marchenko wins face-off versus Filip Chytil in Checkers zone.
2:55 of 1st period - Snap shot by Austin Poganski.
2:55 of 1st period - Shot Blocked by Jonathan Dahlen.
3:32 of 1st period - Off-side.
3:33 of 1st period - Daniel O'regan wins face-off versus Brett Pollock in neutral zone.
3:43 of 1st period - Minor Penalty to Shane Bowers for Hooking.
3:44 of 1st period - Shane Gersich wins face-off versus Patrick Brown in Checkers zone.
3:46 of 1st period - Wrist shot by Shane Gersich.
3:46 of 1st period - Shot Misses the Net.
3:56 of 1st period - Wrist shot by Daniel O'regan.
3:56 of 1st period - Stopped by Ivan Prosvetov with a rebound.
4:00 of 1st period - Snap shot by Shane Gersich.
4:00 of 1st period - Shot Misses the Net.
5:04 of 1st period - Ville Pokka is hit by Dylan Gambrell and loses puck.
5:43 of 1st period - Penalty to Shane Bowers is over, Shane Bowers is back on ice.
6:18 of 1st period - Wrist shot by Austin Poganski.
6:18 of 1st period - Shot Blocked by Jonathan Dahlen.
6:20 of 1st period - Snap shot by Michael Anderson.
6:20 of 1st period - Deflect By Ville Pokka.
6:20 of 1st period - Stopped by Ilya Konovalov with a rebound.
6:22 of 1st period - Snap shot by Austin Poganski.
6:22 of 1st period - Deflect By Nick Abruzzese.
6:22 of 1st period - Shot Blocked by Tucker Poolman.
6:22 of 1st period - Puck is out of play.
6:23 of 1st period - Dylan Gambrell wins face-off versus Filip Chytil in Little Stars zone.
6:40 of 1st period - Lawrence Pilut is hit by Patrick Brown and loses puck.
7:03 of 1st period - Snap shot by Daniel O'regan.
7:03 of 1st period - Stopped by Ivan Prosvetov with a rebound.
7:16 of 1st period - Off-side.
7:17 of 1st period - Shane Bowers wins face-off versus Jason Dickinson in neutral zone.
7:20 of 1st period - Emile Poirier is hit by Kale Clague and loses puck.
7:35 of 1st period - Snap shot by Jason Dickinson.
7:35 of 1st period - Goal by Jason Dickinson - Checkers : 0 - Little Stars : 1.
7:36 of 1st period - Daniel O'regan wins face-off versus Dylan Gambrell in neutral zone.
8:11 of 1st period - Slapshot by Nick Abruzzese.
8:11 of 1st period - Shot Misses the Net.
8:23 of 1st period - Reece Willcox is hit by Jared McIsaac and loses puck.
8:46 of 1st period - Wrist shot by Filip Chytil.
8:46 of 1st period - Shot Blocked by Jared McIsaac.
8:48 of 1st period - Backhand shot by Ville Pokka.
8:48 of 1st period - Shot Misses the Net.
8:50 of 1st period - Snap shot by Tucker Poolman.
8:50 of 1st period - Shot Blocked by Viktor Baldayev.
8:52 of 1st period - Snap shot by Jonathan Dahlen.
8:52 of 1st period - Stopped by Ivan Prosvetov with a rebound.
8:54 of 1st period - Slapshot by Ville Pokka.
8:54 of 1st period - Shot Misses the Net.
9:55 of 1st period - Wrist shot by Shane Bowers.
9:55 of 1st period - Shot Misses the Net.
10:59 of 1st period - Austin Poganski is hit by Matt Luff and loses puck.
11:16 of 1st period - Snap shot by Shane Bowers.
11:16 of 1st period - Shot Misses the Net.
11:18 of 1st period - Snap shot by Brett Pollock.
11:18 of 1st period - Goal by Brett Pollock - Checkers : 1 - Little Stars : 1.
11:19 of 1st period - Ilya Mikheyev wins face-off versus Andrei Svechnikov in neutral zone.
11:22 of 1st period - Wrist shot by Shane Gersich.
11:22 of 1st period - Shot Blocked by Kale Clague.
11:24 of 1st period - Snap shot by Daniel O'regan.
11:24 of 1st period - Shot Misses the Net.
11:34 of 1st period - Snap shot by Shane Gersich.
11:34 of 1st period - Stopped by Ivan Prosvetov with a rebound.
11:36 of 1st period - Slapshot by Reece Willcox.
11:36 of 1st period - Deflect By Daniel O'regan.
11:36 of 1st period - Stopped by Ivan Prosvetov with a rebound.
11:46 of 1st period - Reece Willcox is hit by Nick Abruzzese and loses puck.
12:07 of 1st period - Mitchell Heard is hit by Aidan Mcdonough and loses puck.
12:16 of 1st period - Slapshot by Roberts Lipsbergs.
12:16 of 1st period - Shot Misses the Net.
12:32 of 1st period - Snap shot by Tyce Thompson.
12:32 of 1st period - Shot Blocked by Jonathan Dahlen.
13:40 of 1st period - Off-side.
13:41 of 1st period - Mitchell Heard wins face-off versus Radel Fazleev in neutral zone.
13:44 of 1st period - Snap shot by Roberts Lipsbergs.
13:44 of 1st period - Stopped by Ilya Konovalov with a rebound.
13:46 of 1st period - Snap shot by Mitchell Heard.
13:46 of 1st period - Shot Blocked by Samuel Girard.
13:53 of 1st period - Off-side.
13:54 of 1st period - Daniel O'regan wins face-off versus Dylan Gambrell in neutral zone.
14:30 of 1st period - Snap shot by Matt Luff.
14:30 of 1st period - Shot Misses the Net.
14:53 of 1st period - Kale Clague is hit by Jonathan Dahlen and loses puck.
15:25 of 1st period - Dylan Gambrell is hit by Connor Mackey.
15:43 of 1st period - Samuel Girard is hit by Viktor Baldayev and loses puck.
17:26 of 1st period - Jordan Harris is hit by Matt Luff.
17:30 of 1st period - Ville Pokka is hit by Grigori Denisenko and loses puck.
17:47 of 1st period - Snap shot by Matt Luff.
17:47 of 1st period - Goal by Matt Luff - Checkers : 1 - Little Stars : 2.
17:48 of 1st period - Daniel O'regan wins face-off versus Dylan Gambrell in neutral zone.
17:57 of 1st period - Wrist shot by Shane Gersich.
17:57 of 1st period - Stopped by Ivan Prosvetov with a rebound.
17:59 of 1st period - Snap shot by Shane Gersich.
17:59 of 1st period - Shot Blocked by Timothy Liljegren.
18:01 of 1st period - Wrist shot by Daniel O'regan.
18:01 of 1st period - Shot Blocked by Andrei Svechnikov.
18:15 of 1st period - Filip Chytil is hit by Timothy Liljegren and loses puck.
18:40 of 1st period - Jason Dickinson is hit by Grigori Denisenko and loses puck.
18:45 of 1st period - Snap shot by Nick Abruzzese.
18:45 of 1st period - Stopped by Ilya Konovalov with a rebound.
18:47 of 1st period - Wrist shot by Nick Abruzzese.
18:47 of 1st period - Goal by Nick Abruzzese - Checkers : 2 - Little Stars : 2.
18:48 of 1st period - Daniel O'regan wins face-off versus Andrei Svechnikov in neutral zone.
18:53 of 1st period - Snap shot by Shane Gersich.
18:53 of 1st period - Stopped by Ivan Prosvetov without a rebound.
18:54 of 1st period - Daniel O'regan wins face-off versus Dylan Gambrell in Checkers zone.
18:55 of 1st period - Snap shot by Ilya Mikheyev.
18:55 of 1st period - Stopped by Ivan Prosvetov with a rebound.
18:57 of 1st period - Backhand shot by Reece Willcox.
18:57 of 1st period - Deflect By Daniel O'regan.
18:57 of 1st period - Shot Blocked by Kale Clague.
18:57 of 1st period - Puck is out of play.
18:58 of 1st period - Dylan Gambrell wins face-off versus Daniel O'regan in Checkers zone.
19:23 of 1st period - Wrist shot by Ilya Mikheyev.
19:23 of 1st period - Shot Misses the Net.
19:25 of 1st period - Slapshot by Daniel O'regan.
19:25 of 1st period - Shot Misses the Net.
19:27 of 1st period - Slapshot by Shane Gersich.
19:27 of 1st period - Shot Misses the Net.
19:29 of 1st period - Wrist shot by Ilya Mikheyev.
19:29 of 1st period - Shot Misses the Net.
19:31 of 1st period - Snap shot by Daniel O'regan.
19:31 of 1st period - Shot Misses the Net.
19:43 of 1st period - Wrist shot by Daniel O'regan.
19:43 of 1st period - Stopped by Ivan Prosvetov without a rebound.
19:44 of 1st period - Jason Dickinson wins face-off versus Austin Poganski in Checkers zone.
19:56 of 1st period - Icing by Tucker Poolman.
19:57 of 1st period - Jason Dickinson wins face-off versus Nick Abruzzese in Little Stars zone.
19:57 of 1st period - Jason Dickinson is hit by Grigori Denisenko.
Goals for this period are 2 for Checkers vs 2 for Little Stars.
Shots for this period are 6 for Checkers vs 12 for Little Stars.
2nd period
0:01 of 2nd period - Patrick Brown wins face-off versus Daniel O'regan in neutral zone.
0:04 of 2nd period - Slapshot by Timothy Liljegren.
0:04 of 2nd period - Stopped by Ilya Konovalov with a rebound.
0:10 of 2nd period - Snap shot by Shane Gersich.
0:10 of 2nd period - Stopped by Ivan Prosvetov with a rebound.
0:39 of 2nd period - Icing by Austin Poganski.
0:40 of 2nd period - Nick Abruzzese wins face-off versus Filip Chytil in Checkers zone.
0:51 of 2nd period - Wrist shot by Filip Chytil.
0:51 of 2nd period - Stopped by Ivan Prosvetov with a rebound.
1:04 of 2nd period - Snap shot by Timothy Liljegren.
1:04 of 2nd period - Shot Blocked by Shane Gersich.
1:06 of 2nd period - Snap shot by Nick Abruzzese.
1:06 of 2nd period - Shot Misses the Net.
1:08 of 2nd period - Snap shot by Austin Poganski.
1:08 of 2nd period - Deflect By Nick Abruzzese.
1:08 of 2nd period - Shot Hit the Post.
1:08 of 2nd period - Puck is out of play.
1:09 of 2nd period - Dylan Gambrell wins face-off versus Daniel O'regan in Little Stars zone.
1:18 of 2nd period - Snap shot by Ilya Mikheyev.
1:18 of 2nd period - Shot Misses the Net.
1:40 of 2nd period - Wrist shot by Filip Chytil.
1:40 of 2nd period - Shot Misses the Net.
2:13 of 2nd period - Icing by Mitchell Heard.
2:14 of 2nd period - Ilya Mikheyev wins face-off versus Mitchell Heard in Checkers zone.
2:25 of 2nd period - Snap shot by Kirill Marchenko.
2:25 of 2nd period - Shot Misses the Net.
2:27 of 2nd period - Wrist shot by Roberts Lipsbergs.
2:27 of 2nd period - Deflect By Mitchell Heard.
2:27 of 2nd period - Shot Blocked by Shane Gersich.
2:27 of 2nd period - Puck is out of play.
2:28 of 2nd period - Daniel O'regan wins face-off versus Nick Abruzzese in Little Stars zone.
2:43 of 2nd period - Slapshot by Ilya Mikheyev.
2:43 of 2nd period - Stopped by Ivan Prosvetov with a rebound.
2:55 of 2nd period - Reece Willcox is hit by Kale Clague and loses puck.
4:07 of 2nd period - Minor Penalty to Daniel O'regan for Slashing.
4:08 of 2nd period - Dylan Gambrell wins face-off versus Jason Dickinson in Little Stars zone.
4:22 of 2nd period - Wrist shot by Andrei Svechnikov.
4:22 of 2nd period - Deflect By Patrick Brown.
4:22 of 2nd period - Shot Misses the Net.
4:22 of 2nd period - Puck is out of play.
4:23 of 2nd period - Dylan Gambrell wins face-off versus Jason Dickinson in Little Stars zone.
4:26 of 2nd period - Wrist shot by Dylan Gambrell.
4:26 of 2nd period - Goal by Dylan Gambrell - Checkers : 3 - Little Stars : 2.
4:27 of 2nd period - Daniel O'regan wins face-off versus Dylan Gambrell in neutral zone.
4:57 of 2nd period - Snap shot by Austin Poganski.
4:57 of 2nd period - Shot Misses the Net.
4:59 of 2nd period - Slapshot by Jared McIsaac.
4:59 of 2nd period - Stopped by Ilya Konovalov without a rebound.
5:00 of 2nd period - Jason Dickinson wins face-off versus Dylan Gambrell in Little Stars zone.
5:00 of 2nd period - Jason Dickinson is hit by Patrick Brown.
5:10 of 2nd period - Slapshot by Samuel Girard.
5:10 of 2nd period - Shot Misses the Net.
5:12 of 2nd period - Snap shot by Emile Poirier.
5:12 of 2nd period - Shot Misses the Net.
5:14 of 2nd period - Snap shot by Reece Willcox.
5:14 of 2nd period - Stopped by Ivan Prosvetov without a rebound.
5:15 of 2nd period - Shane Gersich wins face-off versus Nick Abruzzese in Checkers zone.
5:28 of 2nd period - Snap shot by Shane Gersich.
5:28 of 2nd period - Stopped by Ivan Prosvetov with a rebound.
5:30 of 2nd period - Slapshot by Shane Gersich.
5:30 of 2nd period - Stopped by Ivan Prosvetov with a rebound.
5:32 of 2nd period - Snap shot by Daniel O'regan.
5:32 of 2nd period - Stopped by Ivan Prosvetov with a rebound.
5:38 of 2nd period - Minor Penalty to Austin Poganski for Roughing.
5:39 of 2nd period - Mitchell Heard wins face-off versus Daniel O'regan in Checkers zone.
6:14 of 2nd period - Snap shot by Matt Luff.
6:14 of 2nd period - Stopped by Ivan Prosvetov with a rebound.
6:16 of 2nd period - Snap shot by Matt Luff.
6:16 of 2nd period - Shot Blocked by Jared McIsaac.
7:00 of 2nd period - Jason Dickinson is hit by Viktor Baldayev and loses puck.
7:38 of 2nd period - Penalty to Austin Poganski is over, Austin Poganski is back on ice.
7:48 of 2nd period - Wrist shot by Austin Poganski.
7:48 of 2nd period - Shot Misses the Net.
9:16 of 2nd period - Grigori Denisenko is hit by Jason Dickinson and loses puck.
9:35 of 2nd period - Justin Auger is hit by Shane Bowers and loses puck.
10:09 of 2nd period - Wrist shot by Jason Dickinson.
10:09 of 2nd period - Shot Misses the Net.
10:15 of 2nd period - Jason Dickinson is hit by Dylan Gambrell and loses puck.
10:59 of 2nd period - Icing by Cal Burke.
11:00 of 2nd period - Dylan Gambrell wins face-off versus Radel Fazleev in Little Stars zone.
11:14 of 2nd period - Icing by Andrei Svechnikov.
11:15 of 2nd period - Dylan Gambrell wins face-off versus Daniel O'regan in Checkers zone.
11:25 of 2nd period - Patrick Brown is hit by Tucker Poolman and loses puck.
11:52 of 2nd period - Snap shot by Patrick Brown.
11:52 of 2nd period - Shot Hit the Post.
11:54 of 2nd period - Snap shot by Patrick Brown.
11:54 of 2nd period - Shot Hit the Post.
11:56 of 2nd period - Slapshot by Viktor Baldayev.
11:56 of 2nd period - Shot Blocked by Daniel O'regan.
11:58 of 2nd period - Slapshot by Jared McIsaac.
11:58 of 2nd period - Deflect By Shane Gersich.
11:58 of 2nd period - Stopped by Ilya Konovalov with a rebound.
12:05 of 2nd period - Slapshot by Jared McIsaac.
12:05 of 2nd period - Stopped by Ilya Konovalov without a rebound.
12:06 of 2nd period - Jason Dickinson wins face-off versus Nick Abruzzese in Little Stars zone.
12:31 of 2nd period - Jonathan Dahlen is hit by Kale Clague and loses puck.
13:06 of 2nd period - Icing by Michael Anderson.
13:07 of 2nd period - Radel Fazleev wins face-off versus Nick Abruzzese in Checkers zone.
13:34 of 2nd period - Snap shot by Austin Poganski.
13:34 of 2nd period - Stopped by Ilya Konovalov with a rebound.
13:42 of 2nd period - Slapshot by Reece Willcox.
13:42 of 2nd period - Shot Misses the Net.
14:02 of 2nd period - Snap shot by Matt Luff.
14:02 of 2nd period - Shot Misses the Net.
14:28 of 2nd period - Backhand shot by Mitchell Heard.
14:28 of 2nd period - Shot Misses the Net.
14:54 of 2nd period - Wrist shot by Roberts Lipsbergs.
14:54 of 2nd period - Shot Blocked by Lawrence Pilut.
15:08 of 2nd period - Snap shot by Mitchell Heard.
15:08 of 2nd period - Stopped by Ilya Konovalov with a rebound.
15:10 of 2nd period - Snap shot by Roberts Lipsbergs.
15:10 of 2nd period - Stopped by Ilya Konovalov with a rebound.
15:12 of 2nd period - Slapshot by Michael Anderson.
15:12 of 2nd period - Stopped by Ilya Konovalov with a rebound.
15:16 of 2nd period - Snap shot by Mitchell Heard.
15:16 of 2nd period - Goal by Mitchell Heard - Checkers : 4 - Little Stars : 2.
15:16 of 2nd period - Danil Tarasov enters game.
15:17 of 2nd period - Shane Gersich wins face-off versus Dylan Gambrell in neutral zone.
15:23 of 2nd period - Samuel Girard is hit by Patrick Brown and loses puck.
16:09 of 2nd period - Off-side.
16:10 of 2nd period - Shane Bowers wins face-off versus Daniel O'regan in neutral zone.
16:13 of 2nd period - Snap shot by Shane Bowers.
16:13 of 2nd period - Shot Misses the Net.
16:15 of 2nd period - Slapshot by Jared McIsaac.
16:15 of 2nd period - Shot Misses the Net.
17:28 of 2nd period - Minor Penalty to Lawrence Pilut for High sticking.
17:29 of 2nd period - Daniel O'regan wins face-off versus Patrick Brown in Little Stars zone.
17:43 of 2nd period - Snap shot by Andrei Svechnikov.
17:43 of 2nd period - Shot Misses the Net.
18:56 of 2nd period - Filip Chytil is hit by Patrick Brown and loses puck.
19:13 of 2nd period - Samuel Girard is hit by Kirill Marchenko and loses puck.
19:28 of 2nd period - Penalty to Lawrence Pilut is over, Lawrence Pilut is back on ice.
19:46 of 2nd period - Snap shot by Cal Burke.
19:46 of 2nd period - Stopped by Ivan Prosvetov without a rebound.
19:47 of 2nd period - Shane Bowers wins face-off versus Radel Fazleev in Checkers zone.
19:54 of 2nd period - Lawrence Pilut is hit by Brett Pollock and loses puck.
Goals for this period are 2 for Checkers vs 0 for Little Stars.
Shots for this period are 10 for Checkers vs 9 for Little Stars.
3rd period
0:01 of 3rd period - Dylan Gambrell wins face-off versus Daniel O'regan in neutral zone.
0:04 of 3rd period - Slapshot by Timothy Liljegren.
0:04 of 3rd period - Stopped by Danil Tarasov with a rebound.
0:22 of 3rd period - Minor Penalty to Reece Willcox for Holding.
0:23 of 3rd period - Daniel O'regan wins face-off versus Dylan Gambrell in Little Stars zone.
0:23 of 3rd period - Daniel O'regan is hit by Patrick Brown.
0:33 of 3rd period - Wrist shot by Daniel O'regan.
0:33 of 3rd period - Shot Misses the Net.
0:35 of 3rd period - Snap shot by Shane Gersich.
0:35 of 3rd period - Stopped by Ivan Prosvetov with a rebound.
0:37 of 3rd period - Slapshot by Ville Pokka.
0:37 of 3rd period - Shot Misses the Net.
0:39 of 3rd period - Snap shot by Daniel O'regan.
0:39 of 3rd period - Goal by Daniel O'regan - Checkers : 4 - Little Stars : 3.
0:40 of 3rd period - Daniel O'regan wins face-off versus Dylan Gambrell in neutral zone.
2:22 of 3rd period - Penalty to Reece Willcox is over, Reece Willcox is back on ice.
2:29 of 3rd period - Slapshot by Samuel Girard.
2:29 of 3rd period - Shot Misses the Net.
2:31 of 3rd period - Snap shot by Emile Poirier.
2:31 of 3rd period - Stopped by Ivan Prosvetov with a rebound.
2:33 of 3rd period - Slapshot by Connor Mackey.
2:33 of 3rd period - Stopped by Ivan Prosvetov with a rebound.
2:35 of 3rd period - Slapshot by Samuel Girard.
2:35 of 3rd period - Shot Blocked by Jared McIsaac.
2:37 of 3rd period - Snap shot by Filip Chytil.
2:37 of 3rd period - Goal by Filip Chytil - Checkers : 4 - Little Stars : 4.
2:38 of 3rd period - Daniel O'regan wins face-off versus Nick Abruzzese in neutral zone.
2:53 of 3rd period - Wrist shot by Nick Abruzzese.
2:53 of 3rd period - Stopped by Danil Tarasov with a rebound.
3:36 of 3rd period - Slapshot by Kale Clague.
3:36 of 3rd period - Shot Misses the Net.
3:43 of 3rd period - Icing by Ville Pokka.
3:44 of 3rd period - Radel Fazleev wins face-off versus Shane Bowers in Little Stars zone.
3:53 of 3rd period - Slapshot by Michael Anderson.
3:53 of 3rd period - Shot Misses the Net.
3:55 of 3rd period - Wrist shot by Brett Pollock.
3:55 of 3rd period - Deflect By Tyce Thompson.
3:55 of 3rd period - Stopped by Danil Tarasov without a rebound.
3:56 of 3rd period - Daniel O'regan wins face-off versus Dylan Gambrell in Little Stars zone.
4:07 of 3rd period - Snap shot by Shane Gersich.
4:07 of 3rd period - Goal by Shane Gersich - Checkers : 4 - Little Stars : 5.
4:08 of 3rd period - Dylan Gambrell wins face-off versus Daniel O'regan in neutral zone.
5:10 of 3rd period - Slapshot by Ville Pokka.
5:10 of 3rd period - Shot Misses the Net.
5:20 of 3rd period - Slapshot by Kale Clague.
5:20 of 3rd period - Shot Blocked by Connor Mackey.
5:46 of 3rd period - Snap shot by Patrick Brown.
5:46 of 3rd period - Stopped by Danil Tarasov with a rebound.
6:08 of 3rd period - Shane Gersich is hit by Viktor Baldayev and loses puck.
6:50 of 3rd period - Wrist shot by Patrick Brown.
6:50 of 3rd period - Shot Misses the Net.
7:08 of 3rd period - Wrist shot by Mitchell Heard.
7:08 of 3rd period - Shot Misses the Net.
7:10 of 3rd period - Slapshot by Viktor Baldayev.
7:10 of 3rd period - Shot Misses the Net.
7:12 of 3rd period - Slapshot by Jared McIsaac.
7:12 of 3rd period - Stopped by Danil Tarasov with a rebound.
7:14 of 3rd period - Slapshot by Jared McIsaac.
7:14 of 3rd period - Stopped by Danil Tarasov with a rebound.
7:16 of 3rd period - Slapshot by Jared McIsaac.
7:16 of 3rd period - Shot Misses the Net.
7:30 of 3rd period - Slapshot by Shane Gersich.
7:30 of 3rd period - Stopped by Ivan Prosvetov with a rebound.
7:51 of 3rd period - Jared McIsaac is hit by Lawrence Pilut and loses puck.
7:58 of 3rd period - Jonathan Dahlen is hit by Patrick Brown and loses puck.
8:11 of 3rd period - Snap shot by Cal Burke.
8:11 of 3rd period - Shot Blocked by Shane Bowers.
8:13 of 3rd period - Snap shot by Radel Fazleev.
8:13 of 3rd period - Stopped by Ivan Prosvetov without a rebound.
8:14 of 3rd period - Nick Abruzzese wins face-off versus Radel Fazleev in Checkers zone.
8:14 of 3rd period - Nick Abruzzese is hit by Radel Fazleev.
8:32 of 3rd period - Slapshot by Radel Fazleev.
8:32 of 3rd period - Shot Misses the Net.
8:34 of 3rd period - Snap shot by Cal Burke.
8:34 of 3rd period - Goal by Cal Burke - Checkers : 4 - Little Stars : 6.
8:35 of 3rd period - Daniel O'regan wins face-off versus Patrick Brown in neutral zone.
8:40 of 3rd period - Snap shot by Reece Willcox.
8:40 of 3rd period - Shot Blocked by Andrei Svechnikov.
8:42 of 3rd period - Slapshot by Reece Willcox.
8:42 of 3rd period - Shot Misses the Net.
8:44 of 3rd period - Snap shot by Reece Willcox.
8:44 of 3rd period - Shot Misses the Net.
9:31 of 3rd period - Snap shot by Jared McIsaac.
9:31 of 3rd period - Deflect By Mitchell Heard.
9:31 of 3rd period - Stopped by Danil Tarasov with a rebound.
10:29 of 3rd period - Snap shot by Dylan Gambrell.
10:29 of 3rd period - Deflect By Filip Chytil.
10:29 of 3rd period - Stopped by Danil Tarasov without a rebound.
10:30 of 3rd period - Nick Abruzzese wins face-off versus Filip Chytil in Little Stars zone.
10:43 of 3rd period - Wrist shot by Jonathan Dahlen.
10:43 of 3rd period - Stopped by Ivan Prosvetov with a rebound.
10:45 of 3rd period - Slapshot by Samuel Girard.
10:45 of 3rd period - Stopped by Ivan Prosvetov with a rebound.
10:55 of 3rd period - Kale Clague is hit by Emile Poirier and loses puck.
11:18 of 3rd period - Grigori Denisenko is hit by Cal Burke and loses puck.
11:29 of 3rd period - Aidan Mcdonough is hit by Nick Abruzzese and loses puck.
11:42 of 3rd period - Daniel O'regan is hit by Timothy Liljegren and loses puck.
12:53 of 3rd period - Slapshot by Radel Fazleev.
12:53 of 3rd period - Stopped by Ivan Prosvetov with a rebound.
12:55 of 3rd period - Wrist shot by Cal Burke.
12:55 of 3rd period - Shot Misses the Net.
13:10 of 3rd period - Off-side.
13:11 of 3rd period - Mitchell Heard wins face-off versus Daniel O'regan in neutral zone.
13:50 of 3rd period - Snap shot by Daniel O'regan.
13:50 of 3rd period - Shot Misses the Net.
14:28 of 3rd period - Snap shot by Shane Gersich.
14:28 of 3rd period - Shot Misses the Net.
14:42 of 3rd period - Snap shot by Shane Gersich.
14:42 of 3rd period - Shot Misses the Net.
14:44 of 3rd period - Slapshot by Reece Willcox.
14:44 of 3rd period - Stopped by Ivan Prosvetov with a rebound.
14:46 of 3rd period - Slapshot by Samuel Girard.
14:46 of 3rd period - Stopped by Ivan Prosvetov without a rebound.
14:47 of 3rd period - Jason Dickinson wins face-off versus Andrei Svechnikov in Checkers zone.
14:51 of 3rd period - Minor Penalty to Andrei Svechnikov for Holding.
14:52 of 3rd period - Jason Dickinson wins face-off versus Dylan Gambrell in Checkers zone.
15:14 of 3rd period - Dylan Gambrell is hit by Ville Pokka and loses puck.
15:45 of 3rd period - Minor Penalty to Matt Luff for Tripping.
15:46 of 3rd period - Daniel O'regan wins face-off versus Dylan Gambrell in Little Stars zone.
16:17 of 3rd period - Michael Anderson is hit by Daniel O'regan.
16:51 of 3rd period - Penalty to Andrei Svechnikov is over, Andrei Svechnikov is back on ice.
17:00 of 3rd period - Kirill Marchenko is hit by Ville Pokka and loses puck.
17:45 of 3rd period - Penalty to Matt Luff is over, Matt Luff is back on ice.
17:56 of 3rd period - Off-side.
17:57 of 3rd period - Jason Dickinson wins face-off versus Mitchell Heard in neutral zone.
18:02 of 3rd period - Snap shot by Jason Dickinson.
18:02 of 3rd period - Stopped by Ivan Prosvetov with a rebound.
18:23 of 3rd period - Snap shot by Patrick Brown.
18:23 of 3rd period - Stopped by Danil Tarasov without a rebound.
18:24 of 3rd period - Dylan Gambrell wins face-off versus Daniel O'regan in Little Stars zone.
19:11 of 3rd period - Wrist shot by Nick Abruzzese.
19:11 of 3rd period - Stopped by Danil Tarasov without a rebound.
19:12 of 3rd period - Jason Dickinson wins face-off versus Mitchell Heard in Little Stars zone.
19:17 of 3rd period - Slapshot by Emile Poirier.
19:17 of 3rd period - Stopped by Ivan Prosvetov with a rebound.
Goals for this period are 0 for Checkers vs 4 for Little Stars.
Shots for this period are 10 for Checkers vs 16 for Little Stars.